MID
HARTFORD YARD GOATS @ WEST VIRGINIA POWER
05/30/2044
 
TOP OF THE 1ST
Hartford Yard Goats batting - Pitching for West Virginia Power : LHP Ryan Rakoff
Pitching: LHP Ryan Rakoff
Batting: SHB Eddie Quinones 0-0: Ball
1-0: Ball
2-0: Swinging Strike
2-1: Called Strike
2-2: TRIPLE (Flyball, 89XD, EV 91.9 MPH)
Batting: RHB Kian-tat Chen 0-0: Called Strike
0-1: Foul Ball, location: 2F
0-2: Ball
1-2: Strikes out looking
Batting: RHB Justin Williams 0-0: Called Strike
0-1: Ball
1-1: Ball
2-1: Foul Ball, location: 2F
2-2: Foul Ball, location: 2F
2-2: Foul Ball, location: 2F
2-2: Ball
3-2: Foul Ball, location: 2F
3-2: Foul Ball, location: 2F
3-2: Base on Balls
Batting: LHB Jeremy Brammer 0-0: Called Strike
0-1: Fly out, F7 (Flyball, 7LS, EV 86.2 MPH)
Batting: SHB In-sung Lee 0-0: Ball
1-0: Ball
2-0: Ball
3-0: Called Strike
3-1: Foul Ball, location: 2F
3-2: DOUBLE (Groundball, 5L, EV 100.0 MPH)
Eddie Quinones scores
Justin Williams to third
Justin Williams scores
Batting: RHB Eric Garrett 0-0: Ball
1-0: Ball
2-0: Called Strike
2-1: Ball
3-1: Foul Ball, location: 2F
3-2: Base on Balls
Batting: RHB Eric Delgado 0-0: Ground out 5-3 (Groundball, 56S, EV 82.5 MPH)
Top of the 1st over - 2 runs, 2 hits, 0 errors, 2 left on base; Hartford 2 - West Virginia 0
BOTTOM OF THE 1ST
West Virginia Power batting - Pitching for Hartford Yard Goats : LHP Randy Rowland
Pitching: LHP Randy Rowland
Batting: RHB Ron Corn 0-0: Ball
1-0: Called Strike
1-1: Foul Ball, location: 2F
1-2: Ball
2-2: Strikes out swinging
Batting: SHB Francisco Gutierrez 0-0: Foul Ball, location: 2F
0-1: Called Strike
0-2: SINGLE (Groundball, 25, EV 72.5 MPH) (infield hit)
Batting: SHB Brad Day 0-0: Ball
1-0: Foul Ball, location: 2F
1-1: Ball
2-1: Fly out, F7 (Flyball, 7D, EV 86.9 MPH)
Batting: RHB Tom Primmer 0-0: Ball
1-0: Ball
2-0: Foul Ball, location: 2F
2-1: Called Strike
Francisco Gutierrez steals 2nd base
2-2: Fly out, F7 (Flyball, 78S, EV 87.5 MPH)
Bottom of the 1st over - 0 runs, 1 hit, 0 errors, 1 left on base; Hartford 2 - West Virginia 0
TOP OF THE 2ND
Hartford Yard Goats batting - Pitching for West Virginia Power : LHP Ryan Rakoff
Batting: RHB Randy Breitbart 0-0: Fly out, F9 (Flyball, 89S, EV 84.4 MPH)
Batting: SHB Pete Perla 0-0: Swinging Strike
0-1: Ball
1-1: Ground out 4-3 (Groundball, 4M, EV 110.0 MPH)
Batting: SHB Eddie Quinones 0-0: Foul Ball, location: 2F
0-1: SINGLE (Groundball, 25, EV 64.4 MPH) (infield hit)
Batting: RHB Kian-tat Chen 0-0: Called Strike
0-1: Ball
1-1: Ball
2-1: Foul Ball, location: 2F
2-2: Fly out, F6 (Flyball, 56D, EV 90.0 MPH)
Top of the 2nd over - 0 runs, 1 hit, 0 errors, 1 left on base; Hartford 2 - West Virginia 0
BOTTOM OF THE 2ND
West Virginia Power batting - Pitching for Hartford Yard Goats : LHP Randy Rowland
Batting: RHB Jordan Robinson 0-0: Ball
1-0: Swinging Strike
1-1: Fly out, F9 (Flyball, 9LM, EV 103.1 MPH)
Batting: RHB Ted Goldblatt 0-0: Swinging Strike
0-1: Foul Ball, location: 2F
0-2: Foul Ball, location: 2F
0-2: Ball
1-2: Ball
2-2: Strikes out swinging
Batting: RHB Jose Lozano 0-0: Called Strike
0-1: Swinging Strike
0-2: Ball
1-2: Foul Ball, location: 2F
1-2: Ball
2-2: Ball
3-2: Ground out 4-3 (Groundball, 34, EV 106.9 MPH)
Bottom of the 2nd over - 0 runs, 0 hits, 0 errors, 0 left on base; Hartford 2 - West Virginia 0
TOP OF THE 3RD
Hartford Yard Goats batting - Pitching for West Virginia Power : LHP Ryan Rakoff
Batting: RHB Justin Williams 0-0: Foul Ball, location: 2F
0-1: SINGLE (Line Drive, 9LS, EV 106.2 MPH)
Batting: LHB Jeremy Brammer 0-0: Ball
1-0: Ball
2-0: Called Strike
2-1: Called Strike
2-2: Ball
3-2: Grounds into double play, 4-6-3 (Groundball, 4, EV 104.4 MPH)
Batting: SHB In-sung Lee 0-0: Ball
1-0: Foul Ball, location: 2F
1-1: Foul Ball, location: 2F
1-2: Foul Ball, location: 2F
1-2: SOLO HOME RUN (Line Drive, 7LD, EV 98.8 MPH), Distance : 380 ft
Batting: RHB Eric Garrett 0-0: Foul Ball, location: 2F
0-1: Ball
1-1: Ball
2-1: Called Strike
2-2: Strikes out swinging
Top of the 3rd over - 1 run, 2 hits, 0 errors, 0 left on base; Hartford 3 - West Virginia 0
BOTTOM OF THE 3RD
West Virginia Power batting - Pitching for Hartford Yard Goats : LHP Randy Rowland
Batting: LHB Justin Harris 0-0: Ball
1-0: Ball
2-0: Ball
3-0: Base on Balls
Batting: RHB John Beiswenger 0-0: Called Strike
0-1: Ball
1-1: Foul Ball, location: 2F
1-2: Strikes out swinging
Batting: RHB Ron Corn 0-0: Called Strike
0-1: Swinging Strike
0-2: Strikes out swinging
Batting: SHB Francisco Gutierrez 0-0: Ball
1-0: Called Strike
1-1: Ball
2-1: Fielders Choice at 2nd, 5-4 (Groundball, 5, EV 84.4 MPH)
Bottom of the 3rd over - 0 runs, 0 hits, 0 errors, 1 left on base; Hartford 3 - West Virginia 0
TOP OF THE 4TH
Hartford Yard Goats batting - Pitching for West Virginia Power : LHP Ryan Rakoff
Batting: RHB Eric Delgado 0-0: Swinging Strike
0-1: Ground out 4-3 (Groundball, 34, EV 105.6 MPH)
Batting: RHB Randy Breitbart 0-0: Ball
1-0: Foul Ball, location: 2F
1-1: Ball
2-1: Foul Ball, location: 2F
2-2: Strikes out swinging
Batting: SHB Pete Perla 0-0: Called Strike
0-1: Ball
1-1: SOLO HOME RUN (Line Drive, 8LXD, EV 111.2 MPH), Distance : 424 ft
Batting: SHB Eddie Quinones 0-0: Ball
1-0: Ball
2-0: Ball
3-0: Foul Ball, location: 2F
3-1: Foul Ball, location: 2F
3-2: Ground out 5-3 (Groundball, 56, EV 86.2 MPH)
Top of the 4th over - 1 run, 1 hit, 0 errors, 0 left on base; Hartford 4 - West Virginia 0
BOTTOM OF THE 4TH
West Virginia Power batting - Pitching for Hartford Yard Goats : LHP Randy Rowland
Batting: SHB Brad Day 0-0: Called Strike
0-1: Called Strike
0-2: Ball
1-2: Foul Ball, location: 2F
1-2: Ground out 6-3 (Groundball, 6, EV 88.1 MPH)
Batting: RHB Tom Primmer 0-0: Ball
1-0: Foul Ball, location: 2F
1-1: Ball
2-1: Swinging Strike
2-2: Ground out 5-3 (Groundball, 56, EV 77.5 MPH)
Batting: RHB Jordan Robinson 0-0: Ball
1-0: Fly out, F7 (Line Drive, 7D, EV 100.0 MPH)
Bottom of the 4th over - 0 runs, 0 hits, 0 errors, 0 left on base; Hartford 4 - West Virginia 0
TOP OF THE 5TH
Hartford Yard Goats batting - Pitching for West Virginia Power : LHP Ryan Rakoff
Batting: RHB Kian-tat Chen 0-0: Ground out 5-3 (Groundball, 56, EV 103.8 MPH)
Batting: RHB Justin Williams 0-0: Ball
1-0: Called Strike
1-1: Ball
2-1: Called Strike
2-2: Ball
3-2: SINGLE (Groundball, 56D, EV 99.4 MPH)
Batting: LHB Jeremy Brammer 0-0: Foul Ball, location: 2F
0-1: Ball
1-1: Ball
2-1: Ball
3-1: Foul Ball, location: 2F
3-2: Fielders Choice at 2nd, 6-4 (Groundball, 6, EV 96.9 MPH)
Batting: SHB In-sung Lee 0-0: Called Strike
0-1: Foul Ball, location: 2F
0-2: Ball
1-2: Foul Ball, location: 2F
1-2: Foul Ball, location: 2F
1-2: Strikes out swinging
Top of the 5th over - 0 runs, 1 hit, 0 errors, 1 left on base; Hartford 4 - West Virginia 0
BOTTOM OF THE 5TH
West Virginia Power batting - Pitching for Hartford Yard Goats : LHP Randy Rowland
Batting: RHB Ted Goldblatt 0-0: Ball
1-0: Ball
2-0: Ground out 5-3 (Groundball, 56, EV 90.6 MPH)
Batting: RHB Jose Lozano 0-0: Called Strike
0-1: Fly out, F9 (Flyball, 9S, EV 89.4 MPH)
Batting: LHB Justin Harris 0-0: Ground out 1-3 (Groundball, 13S, EV 70.0 MPH)
Bottom of the 5th over - 0 runs, 0 hits, 0 errors, 0 left on base; Hartford 4 - West Virginia 0
TOP OF THE 6TH
Hartford Yard Goats batting - Pitching for West Virginia Power : LHP Ryan Rakoff
Batting: RHB Eric Garrett 0-0: Ball
1-0: Called Strike
1-1: Foul Ball, location: 2F
1-2: Fly out, F8 (Flyball, 8LD, EV 96.2 MPH)
Pitching: RHP Mike Rosen
Batting: RHB Eric Delgado 0-0: Ball
1-0: Foul Ball, location: 2F
1-1: Called Strike
1-2: Strikes out swinging
Batting: RHB Randy Breitbart 0-0: Ball
1-0: Ball
2-0: Foul Ball, location: 2F
2-1: Foul Ball, location: 2F
2-2: Strikes out swinging
Top of the 6th over - 0 runs, 0 hits, 0 errors, 0 left on base; Hartford 4 - West Virginia 0
BOTTOM OF THE 6TH
West Virginia Power batting - Pitching for Hartford Yard Goats : LHP Randy Rowland
Batting: RHB John Beiswenger 0-0: Ball
1-0: Foul Ball, location: 2F
1-1: Foul Ball, location: 2F
1-2: Ball
2-2: Fly out, F8 (Flyball, 8RXD, EV 104.4 MPH)
Batting: RHB Ron Corn 0-0: Ball
1-0: Foul Ball, location: 2F
1-1: Called Strike
1-2: Ground out 4-3 (Groundball, 4, EV 88.8 MPH)
Batting: SHB Francisco Gutierrez 0-0: Fly out, F7 (Flyball, 78D, EV 98.8 MPH)
Bottom of the 6th over - 0 runs, 0 hits, 0 errors, 0 left on base; Hartford 4 - West Virginia 0
TOP OF THE 7TH
Hartford Yard Goats batting - Pitching for West Virginia Power : RHP Mike Rosen
Batting: SHB Pete Perla 0-0: Ball
1-0: Called Strike
1-1: Foul Ball, location: 2F
1-2: Strikes out swinging
Batting: SHB Eddie Quinones 0-0: Ball
1-0: Fly out, F7 (Line Drive, 78M, EV 96.9 MPH)
Batting: RHB Kian-tat Chen 0-0: Foul Ball, location: 2F
0-1: Ball
1-1: Fly out, F9 (Line Drive, 9D, EV 96.9 MPH)
Top of the 7th over - 0 runs, 0 hits, 0 errors, 0 left on base; Hartford 4 - West Virginia 0
BOTTOM OF THE 7TH
West Virginia Power batting - Pitching for Hartford Yard Goats : LHP Randy Rowland
Batting: SHB Brad Day 0-0: Called Strike
0-1: Ball
1-1: Swinging Strike
1-2: Ball
2-2: Reached on error, E6 (Groundball, 6, EV 94.4 MPH)
Pitching: RHP Nate Dallman
Batting: RHB Tom Primmer 0-0: Ball
1-0: Ball
2-0: Foul Ball, location: 2F
2-1: Ball
Brad Day steals 2nd base
3-1: Foul Ball, location: 2F
3-2: Ground out 6-3 (Groundball, 6, EV 84.4 MPH)
Brad Day to third
Batting: RHB Jordan Robinson 0-0: Foul Ball, location: 2F
0-1: Ball
1-1: Ground out 6-3 (Groundball, 6, EV 85.6 MPH)
Brad Day scores
Batting: RHB Ted Goldblatt 0-0: Ground out 6-3 (Groundball, 6, EV 77.5 MPH)
Bottom of the 7th over - 1 run, 0 hits, 1 error, 0 left on base; Hartford 4 - West Virginia 1
TOP OF THE 8TH
Hartford Yard Goats batting - Pitching for West Virginia Power : RHP Mike Rosen
Batting: RHB Justin Williams 0-0: Ball
1-0: Ball
2-0: Ball
3-0: Base on Balls
Batting: LHB Jeremy Brammer 0-0: Called Strike
0-1: Swinging Strike
0-2: Ball
1-2: DOUBLE (Flyball, 8LXD, EV 108.8 MPH)
Justin Williams to third
Batting: SHB In-sung Lee 0-0: Intentional Walk
Batting: RHB Eric Garrett 0-0: Ball
1-0: Called Strike
1-1: Ball
2-1: GRAND SLAM HOME RUN (Line Drive, 7D, EV 99.4 MPH), Distance : 393 ft
Batting: RHB Eric Delgado 0-0: Ball
1-0: Swinging Strike
1-1: Ball
2-1: Swinging Strike
2-2: Strikes out swinging
Batting: RHB Randy Breitbart 0-0: Swinging Strike
0-1: Ball
1-1: Swinging Strike
1-2: Foul Ball, location: 2F
1-2: Fly out, F1 (Line Drive, P, EV 63.8 MPH)
Pinch Hitting: RHB Steve Waltenbery 0-0: Ball
1-0: Ball
2-0: Ball
3-0: Called Strike
3-1: Foul Ball, location: 2F
3-2: Foul Ball, location: 2F
3-2: Foul Ball, location: 2F
3-2: Fly out, F7 (Line Drive, 7D, EV 104.4 MPH)
Top of the 8th over - 4 runs, 2 hits, 0 errors, 0 left on base; Hartford 8 - West Virginia 1
BOTTOM OF THE 8TH
West Virginia Power batting - Pitching for Hartford Yard Goats : RHP Nate Dallman
Now at 2B: Steve Waltenbery
Batting: RHB Jose Lozano 0-0: Ball
1-0: Ball
2-0: Ball
3-0: Base on Balls
Batting: LHB Justin Harris 0-0: Ball
1-0: Fielders Choice at 2nd, 3-6 (Groundball, 34, EV 83.8 MPH)
Batting: RHB John Beiswenger 0-0: Foul Ball, location: 2F
0-1: Ball
1-1: Ball
2-1: Ball
3-1: Foul Ball, location: 2F
3-2: Strikes out swinging
Batting: RHB Ron Corn 0-0: Called Strike
0-1: Ball
1-1: SINGLE (Flyball, 6D, EV 91.9 MPH)
Justin Harris to second
Batting: SHB Francisco Gutierrez 0-0: Ball
1-0: Called Strike
1-1: Ball
2-1: Ball
3-1: Base on Balls
Justin Harris to third
Ron Corn to second
Batting: SHB Brad Day 0-0: Ground out 4-3 (Groundball, 4, EV 88.8 MPH)
Bottom of the 8th over - 0 runs, 1 hit, 0 errors, 3 left on base; Hartford 8 - West Virginia 1
TOP OF THE 9TH
Hartford Yard Goats batting - Pitching for West Virginia Power : RHP Mike Rosen
Pitching: RHP Troy Conners
Batting: SHB Eddie Quinones 0-0: Single, Error in OF, E9, batter to second base (Line Drive, 89M, EV 111.2 MPH)
Batting: RHB Kian-tat Chen 0-0: Called Strike
0-1: Swinging Strike
0-2: Strikes out swinging
Batting: RHB Justin Williams 0-0: Called Strike
0-1: Ball
1-1: Called Strike
1-2: Ball
2-2: SINGLE (Groundball, 25, EV 72.5 MPH) (infield hit)
Eddie Quinones to third
Batting: LHB Jeremy Brammer 0-0: Fly out, F7 (Flyball, 78S, EV 81.2 MPH)
Runner from 3rd tags up, SCORES, throw by LF
Batting: SHB In-sung Lee 0-0: Called Strike
0-1: Ball
1-1: Foul Ball, location: 2F
1-2: Ball
2-2: Ball
3-2: Ground out 4-3 (Groundball, 34, EV 89.4 MPH)
Top of the 9th over - 1 run, 2 hits, 1 error, 1 left on base; Hartford 9 - West Virginia 1
BOTTOM OF THE 9TH
West Virginia Power batting - Pitching for Hartford Yard Goats : RHP Nate Dallman
Batting: RHB Tom Primmer 0-0: Called Strike
0-1: Ball
1-1: Foul Ball, location: 2F
1-2: Strikes out swinging
Pitching: RHP Joe Goodale
Batting: RHB Jordan Robinson 0-0: Called Strike
0-1: Called Strike
0-2: Foul Ball, location: 2F
0-2: Ball
1-2: Ball
2-2: Ball
3-2: Base on Balls
Batting: RHB Ted Goldblatt 0-0: Ball
1-0: Foul Ball, location: 2F
1-1: Ball
2-1: Ball
3-1: Foul Ball, location: 2F
3-2: Strikes out swinging
Jordan Robinson steals 2nd base (no throw)
Batter strikes out.
Batting: RHB Jose Lozano 0-0: Ball
1-0: Foul Ball, location: 2F
1-1: Foul Ball, location: 2F
1-2: Strikes out swinging
Bottom of the 9th over - 0 runs, 0 hits, 0 errors, 1 left on base; Hartford 9 - West Virginia 1
Thursday, March 31st , 2022 - OOTP Baseball 22.12 Build 89